 Dungeon Crawl Stone Soup version 0.30-a0-509-gd016549fea (webtiles) character file.

Game seed: 15807037729264273884

54 kae the Firebug (level 3, 0/19 HPs)
             Began as a Tengu Fire Elementalist on Dec 22, 2022.
             Slain by a gnoll
             ... wielding a +0 whip
              (5 damage)
             ... on level 2 of the Dungeon.
             The game lasted 00:01:02 (1492 turns).

kae the Firebug (Tengu Fire Elementalist)           Turns: 1492, Time: 00:01:02

Health: 0/19       AC:  2    Str:  8    XL:     3   Next: 91%
Magic:  2/7        EV: 12    Int: 17    God:
Gold:   28         SH:  0    Dex: 14    Spells: 0/6 levels left

rFire   . . .      SeeInvis +    (no weapon)
rCold   . . .      Faith    .    (no shield)
rNeg    . . .      Spirit   .    a - +0 robe
rPois   .          Reflect  .    (helmet restricted)
rElec   .          Harm     .    (no cloak)
rCorr   .          Rampage  .    (no gloves)
Will    .....                    (boots unavailable)
Stlth   ++........               (no amulet)
HPRegen 0.23/turn                v - ring of see invisible
MPRegen 0.10/turn                (no ring)

@: hasted, very quick
A: beak, talons 3
a: no special abilities


You were on level 2 of the Dungeon.
You visited 1 branch of the dungeon, and saw 2 of its levels.

You collected 28 gold pieces.


Innate Abilities, Weirdness & Mutations

You have a beak for a mouth.
You have claws for feet.


   Skills:
 - Level 2.1 Dodging
 - Level 2.0 Stealth
 + Level 2.4 Spellcasting
 * Level 3.1 Conjurations
 * Level 4.1 Fire Magic


You couldn't memorise any spells.
You knew the following spells:

 Your Spells              Type           Power      Damage    Failure   Level
a - Foxfire               Conj/Fire      56%        2x1d6     4%          1
b - Scorch                Fire           32%        2d6       4%          2
c - Inner Flame           Hex/Fire       9%         N/A       24%         3

Your spell library contained the following spells:

 Spells                   Type           Power      Damage    Failure   Level
 Kindle Blastsparks       Fire/Tloc/Air  12%        2d11      32%         3
 Flame Wave               Conj/Fire      14%        2d6       38%         4

Inventory:

Missiles
 e - 7 stones
 f - 5 poisoned darts
Armour
 a - a +0 robe (worn)
Jewellery
 v - a ring of see invisible (left hand)
   (You found it on level 2 of the Dungeon)
Scrolls
 c - 3 scrolls of identify {@r1}
 d - 2 scrolls of poison {!r}
Potions
 b - a potion of magic
 g - a potion of cancellation

Dungeon Overview and Level Annotations

Branches:
Dungeon (2/15) Zot: 10501

Altars:

.. #. # #. # #.#.###
.#.#.#?.. g.......#
#.(g##### #####
###g#... #...#
#.####@#.# #...#
#........#######...####
########.......+.......
#######.#####...#
†..†............+
..##............#
#............#
#...#.....##...#
#.#.#.#.#.##.###


You could see 2 gnolls.


Message History

Casting: Scorch (safe; 5% risk of failure)
Confirm with . or Enter, or press ? or * to list all spells.
You can't see any susceptible monsters within range! (Use Z to cast anyway.)
d - 2 scrolls of poison {!r} (gained 1)
c - 2 scrolls of identify {@r1} 😎 MP[+1]
c - 3 scrolls of identify {@r1} (gained 1)
A bat comes into view. 😎 MP[+1]
Your mp is fully restored (7).
A bat is nearby!
A bat is nearby!
Casting: Scorch (safe; 5% risk of failure)
Confirm with . or Enter, or press ? or * to list all spells.
You miscast Foxfire.
You are very lightly contaminated with residual magic.
Nothing appears to happen. 😎 MP[-1]
You lost 1 mp, and now have 6/7 mp.
Casting: Foxfire (safe; 4% risk of failure)
Confirm with . or Enter, or press ? or * to list all spells.
You conjure some foxfire! 😎 MP[-1]
You lost 1 mp, and now have 5/7 mp.
Casting: Foxfire (safe; 4% risk of failure)
Confirm with . or Enter, or press ? or * to list all spells.
You conjure some foxfire!
The foxfire hits the bat.
You kill the bat!
Your Conjurations skill increases to level 3!
An adder comes into view.
The foxfire hits the adder. 😎 MP[-1]
You lost 1 mp, and now have 4/7 mp.
An adder is nearby!
Casting: Foxfire (safe; 4% risk of failure)
Confirm with . or Enter, or press ? or * to list all spells.
You conjure some foxfire!
The foxfire hits the adder.
The foxfire hits the adder. x2
You kill the adder!
Your magical contamination has completely faded away. 😎 MP[-1]
You lost 1 mp, and now have 3/7 mp.
Unknown command.
v - a ring of see invisible 😎 MP[+2]
You regained 2 mp, and now have 5/7 mp.
v - a ring of see invisible (left hand)
A hobgoblin is nearby! 😎 MP[+1]
A hobgoblin is nearby!
A hobgoblin is nearby!
Casting: Foxfire (safe; 4% risk of failure)
Confirm with . or Enter, or press ? or * to list all spells.
You conjure some foxfire!
The hobgoblin shouts!
You hear a shout! x2
A gnoll comes into view. It is wielding a +0 whip.
The foxfire hits the hobgoblin but does no damage. x2
Casting: Foxfire (safe; 4% risk of failure)
Confirm with . or Enter, or press ? or * to list all spells.
You conjure some foxfire!
The foxfire hits the hobgoblin but does no damage. x2 😎 MP[-1]
You lost 1 mp, and now have 5/7 mp.
There are monsters nearby!
Casting: Foxfire (safe; 4% risk of failure)
Confirm with . or Enter, or press ? or * to list all spells.
You conjure some foxfire!
The foxfire hits the hobgoblin.
A gnoll comes into view. It is wielding a +0 whip.
The foxfire hits the hobgoblin.
You kill the hobgoblin! 😎 MP[-1]
You lost 1 mp, and now have 4/7 mp.
Casting: Foxfire (safe; 4% risk of failure)
Confirm with . or Enter, or press ? or * to list all spells.
You conjure some foxfire!
The foxfire hits the gnoll.
The foxfire hits the gnoll. 😎 MP[-1]
You lost 1 mp, and now have 3/7 mp.
Unknown command.
Casting: Foxfire (safe; 4% risk of failure)
Confirm with . or Enter, or press ? or * to list all spells.
Flames lash the gnoll.
The gnoll's fire resistance burns away.
The gnoll hits you with a +0 whip! The gnoll misses you.
A hobgoblin comes into view. 😮 HP[-8] MP[-2]
You take 8 damage, and now have 11/19 hp.
MASSIVE DAMAGE!! (PAUSE)
You lost 2 mp, and now have 1/7 mp.
The gnoll hits you with a +0 whip.
* * * LOW HITPOINT WARNING * * *
Unknown command. 😨 HP[-6] MP[+1]
You take 6 damage, and now have 5/19 hp.
MASSIVE DAMAGE!! (PAUSE)
Okay, then.
It was a potion of haste.
You feel yourself speed up.
The gnoll is no longer more vulnerable to fire.
The gnoll hits you with a +0 whip.
You die...

Skill      XL: |  1  2  3 |
---------------+----------+-----
Conjurations   | 2 3 |  3.1
Fire Magic     | 4 |  4.1
Dodging        | |  2.1
Stealth        | |  2.0
Spellcasting   | |  2.4

Action                   || total
-------------------------++-------
Melee: Unarmed           ||     2
       Kick              ||     1
 Cast: Foxfire           ||    52
       Scorch            ||     7
  Use: Scroll            ||     3
       Potion            ||     1
Armor: Robe              ||     1
Dodge: Dodged            ||    10

Levels and vault maps discovered:
D:1:      dpeg_arrival_tiny_k, layout_basic, serial_forest,
          infiniplex_forest_corner_1, infiniplex_forest_straight_4,
          infiniplex_forest_diagonal, infiniplex_forest_zigzag_2,
          infiniplex_forest_lined_2, infiniplex_forest_end_1,
          infiniplex_forest_clump_double, infiniplex_forest_lined_corner,
          infiniplex_forest_zigzag_1, chequers_serial_rivers_small_3
D:2:      layout_basic, hangedman_decor_lopped

Notes
Turn   | Place    | Note
-------+----------+-------------------------------------------
     0 | D:1      | kae the Tengu Fire Elementalist began the quest for the
                  | Orb.
     0 | D:1      | Reached XP level 1. HP: 10/10 MP: 4/4
     0 | D:1      | magus.rc [v1.11.3]
   159 | D:1      | Reached skill level 2 in Conjurations
   159 | D:1      | Reached XP level 2. HP: 15/15 MP: 4/6
   677 | D:1      | Reached XP level 3. HP: 19/19 MP: 3/7
   680 | D:1      | Learned a level 2 spell: Scorch
   684 | D:1      | Learned a level 3 spell: Inner Flame
  1392 | D:2      | Reached skill level 4 in Fire Magic
  1445 | D:2      | Reached skill level 3 in Conjurations
  1492 | D:2      | Slain by a gnoll

Vanquished Creatures
  2 adders (D:2)
  3 dart slugs (D:1)
  5 ball pythons (D:1)
  A giant cockroach (D:1)
  3 hobgoblins
  2 quokkas (D:1)
  2 bats
  A frilled lizard (D:1)
  4 goblins (D:1)
  4 kobolds (D:1)
  4 rats (D:1)
31 creatures vanquished.

Vanquished Creatures (collateral kills)
  3 foxfires (D:1)
3 creatures vanquished.

Vanquished Creatures (others)
  77 foxfires
  A plant (D:1)
78 creatures vanquished.

Grand Total: 112 creatures vanquished

Table legend:
 A = Non-vault XP
 B = Vault XP
 C = Vault XP percentage of total XP
 D = Non-vault monster count
 E = Vault monster count
 F = Vault count percentage of total count
                 A         B        C        D         E       F
            +---------+---------+-------+---------+---------+-------
      Total |      78 |       0 |   0.0 |      31 |       0 |   0.0
            +---------+---------+-------+---------+---------+-------
        D:1 |      47 |       0 |   0.0 |      27 |       0 |   0.0
        D:2 |      31 |       0 |   0.0 |       4 |       0 |   0.0
            +---------+---------+-------+---------+---------+-------

Illustrated notes

Table legend:
 A = Kills in this place as a percentage of kills in entire the game.
 B = Kills by you in this place as a percentage of kills by you in the entire game.
 C = Kills by friends in this place as a percentage of kills by friends in the entire game.
 D = Other kills in this place as a percentage of other kills in the entire game.
 E = Experience gained in this place as a percentage of experience gained in the entire game.
 F = Experience gained in this place divided by the number of levels of this place that you have seen.
                   A       B       C       D       E      F
               +-------+-------+-------+-------+-------+----------------------
         Total | 100.0 | 100.0 |   N/A |   N/A | 100.0 |  39.0
       Dungeon | 100.0 | 100.0 |   N/A |   N/A | 100.0 |  39.0
               +-------+-------+-------+-------+-------+----------------------

Table legend: (Time is in decaauts)
 A = Elapsed time spent in this place.
 B = Non-inter-level travel time spent in this place.
 C = Inter-level travel time spent in this place.
 D = Time resting spent in this place.
 E = Time spent auto-exploring this place.
 F = Levels seen in this place.
 G = Mean time per level.
                   A        B        C        D        E       F      G
               +--------+--------+--------+--------+--------+-----+--------+
         Total |   1497 |   1482 |     15 |    100 |   1182 |   2 |  748.5 |
       Dungeon |   1497 |   1482 |     15 |    100 |   1182 |   2 |  748.5 |
               +--------+--------+--------+--------+--------+-----+--------+

Top non-repeatable levels by time:
     D:1: 1324 daAuts
     D:2: 173 daAuts
